cohdb
Replays
Latest Replays
All Replays
Popular Replays
Top Player Replays
Match Explorer
How It Works
Community
CoH3 Stats
Reddit
Sign in to upload your games and track your stats! →
Sign in with Steam
Match 40374409
Unlisted
Match 40374409
Overview
Messages
Build Orders
End
Construct Infanterie Kompanie
Selects Breakthrough Battlegroup
Grenadier Squad
MG 42 Machine Gun Team
Grenadier Squad
Grenadier Squad
Medical Station
Infanterie Officer Quarters
MG 42 Machine Gun Team
Selects Assault Grenadiers
Construct Luftwaffe Kompanie
Jäger Squad
Jäger Squad
Selects 2.5-tonne Cargo Truck
Selects Blitzkrieg
Support Elements
Flak 30 Anti-aircraft Gun Team
Wirbelwind Flakpanzer
Pioneer Squad
GrW 34 Mortar Team
Medical Bunker
Construct Panzer Kompanie
MG 42 Machine Gun Team
Selects Tiger Heavy Tank
Selects Smoke Bombing Run
Jäger Squad
Tiger Heavy Tank
Kimgorden
只愛❤毛妹
0
0
Comments
sign in to comment!
No comments posted yet!